Jack, lawful male human Samurai ---------- --------- |........| ##########........| |........| --%-- |.0_@.... |........| #...%-#####|....f..| |........ *#%...| ###........| |...`....| # #|.... #y#-%....... |.........#####-...|### ------)-- -.------.- ###|.<.|# # # # # #-----# # # ### ### #%##%################### ### # # # # #` ### ## -.-|--# . |.....# .. |....| ... |.....# .. ------ --- Jack the Ninja Experience level: 6 Strength: 14 Dexterity: 13 Constitution: 18 Intelligence: 8 Wisdom: 8 Charisma: 7 Health: 0(63) Energy: 28(28) Def: 8 Gold: 723 Moves: 2355 Dungeon seed: 9_NyGVPSiVThSvYV Game ID: Jack_1552943158 Your Inventory: Coins $ - 723 gold pieces Amulets D - a cursed amulet of strangulation Weapons a - a blessed +0 katana (weapon in hand) c - a blessed +0 yumi d - 14 +0 ya (in quiver) i - 4 +1 darts M - 5 +0 darts P - a +0 mace Armor n - an uncursed +0 orcish helm (being worn) r - a cursed -1 elven mithril-coat (being worn) y - an uncursed +0 pair of high boots (being worn) Comestibles E - an uncursed cream pie Q - 3 uncursed gunyoki R - an uncursed pear Scrolls G - a cursed scroll of gold detection H - an uncursed scroll of blank paper O - an uncursed scroll of destroy armor Spellbooks w - an uncursed spellbook of healing F - an uncursed spellbook of polymorph Potions z - an uncursed potion of polymorph J - a blessed potion of paralysis Rings B - an uncursed +1 ring of protection (on left hand) S - an uncursed +3 ring of increase accuracy T - an uncursed +2 ring of increase accuracy Wands g - a wand of lightning (0:0) Tools k - an uncursed tallow candle (0:200) K - an uncursed tin whistle Gems e - an uncursed worthless piece of green glass q - an uncursed worthless piece of white glass N - 2 uncursed fluorite stones Y - an uncursed worthless piece of violet glass Spells and supernatural/magical abilities: Name Level Category Fail Memory W - pray for help -- divine ? -- Your skills at the end: Fighting Skills martial arts [Basic] Weapon Skills short sword [Basic] long sword [Basic] bow [Basic] Spellcasting Skills Final Attributes: You were piously aligned. You were protected. You were fast. You are dead. Vanquished creatures: a water demon a small mimic a wolf an owlbear a dust vortex a water nymph a rock piercer 2 rock moles a fog cloud a shrieker a floating eye 3 hill orcs an orc zombie 2 wererats an iguana a coyote a hobbit 13 manes a hobgoblin 3 giant rats a cave spider a brown mold 2 green molds 7 jackals a fox 4 kobolds 2 goblins 2 sewer rats 6 grid bugs a bat 3 lichens 3 kobold zombies 5 newts 76 creatures vanquished. Voluntary challenges: You used a wielded weapon 96 times, starting on turn 62. You read items or engraved 8 times, starting on turn 895. You never genocided any monsters. You never polymorphed an object. You never changed form. You used no wishes. You never split a pudding. You wrote Elbereth's name 3 times, starting on turn 1930. You violated your moral code, losing 20 points of alignment, starting on turn 653. Dungeon overview: The Dungeons of Doom: levels 1 to 9 Level 1 a sink a long staircase Level 2 a general store a long staircase Level 3 a weapon shop, an altar to Susanowo, a fountain Level 4 Level 5 an armor shop, a fountain Level 6 a sink Level 8 a fountain a long staircase Level 9 <- You were here History has recorded: On T:1 you entered the Dungeons of Doom to retrieve the Amulet of Yendor! On T:271 you advanced to experience level 2. On T:389 you reached level 2 of The Dungeons of Doom. On T:564 you advanced to experience level 3. On T:655 you advanced to experience level 4. On T:855 you reached level 3 of The Dungeons of Doom. On T:900 you advanced to experience level 5. On T:1134 you reached level 4 of The Dungeons of Doom. On T:1388 you reached level 5 of The Dungeons of Doom. On T:1708 you reached level 6 of The Dungeons of Doom. On T:1755 you reached level 8 of The Dungeons of Doom. On T:1844 you advanced to experience level 6. On T:2041 you reached level 9 of The Dungeons of Doom. Score breakdown: Gold: 723 ( 9727 points) Experience: 6 levels (12456 points) Exploration: 9 levels ( 19.57%) (12649 points) Discoveries: 6 items ( 2.44%) ( 4685 points) Valuables value: (no points given unless you survive) Artifact value: 0 ( 0 points) Variety of kills: 33 monsters ( 8.66%) ( 8829 points) Turncount: 2355 turns ( -242 points) Survival: died (score multiplied by 80%) Total score: 38483 Latest messages: You shoot 2 ya. The sewer rat bites! You are now wielding your katana. The sewer rat misses. You miss the sewer rat. The sewer rat bites! You kill the sewer rat! Please move the cursor to an unknown object. Never mind. The kitten bites! The kitten misses. The kitten bites! You miss the kitten. The kitten bites! You hit the kitten. The kitten bites! You hit the kitten. The kitten bites! You die... Final status: Sayonara Jack the Samurai, killed by a kitten... You died in The Dungeons of Doom on dungeon level 9 with 38483 points, and 723 pieces of gold, after 2355 moves. You were level 6 with a maximum of 63 hit points when you died.